 Dungeon Crawl Stone Soup version 0.19.1-1-g22dce08 (webtiles) character file.

80 Haldmier the Cudgeler (level 4, -1/41 HPs)
             Began as an Ogre Wizard on Jan 7, 2017.
             Slain by a bullfrog (3 damage)
             ... on level 3 of the Dungeon.
             The game lasted 00:06:24 (2662 turns).

Haldmier the Cudgeler (Ogre Wizard)                 Turns: 2662, Time: 00:06:24

Health: -1/41      AC:  3    Str: 12    XL:     4   Next: 39%
Magic:  1/9        EV: 10    Int: 17    God:
Gold:   63         SH:  0    Dex:  9    Spells: 3 memorised, 5 levels left

rFire  . . .     SeeInvis .     l - +0 flail
rCold  . . .     Gourm    .     a - +0 robe
rNeg   . . .     Faith    .     (no shield)
rPois  .         Spirit   .     b - +0 hat
rElec  .         Reflect  .     (no cloak)
rCorr  .         Harm     .     (gloves unavailable)
MR     .....                    (boots unavailable)
Stlth  +.........               (no amulet)
                                (no ring)
                                (no ring)

@: very slightly contaminated
A: unfitting armour, tough skin 1
a: no special abilities


You were on level 3 of the Dungeon.
You were not hungry.

You visited 1 branch of the dungeon, and saw 3 of its levels.

You collected 63 gold pieces.

Inventory:

Hand Weapons
 l - a +0 flail (weapon)
Armour
 a - a +0 robe (worn)
 b - a +0 hat (worn)
Jewellery
 p - a +3 ring of protection {unknown}
Scrolls
 f - 2 scrolls of remove curse {unknown}
 g - a scroll of random uselessness {unknown}
 j - 2 scrolls of identify {unknown}
 m - a scroll of recharging {unknown}
 n - a scroll of amnesia {unknown}
 q - a scroll of noise {unknown}
Potions
 e - a potion of curing {unknown}
 o - a potion of might {unknown}
Books
 c - a book of Minor Magic

   Spells                             Type                      Level
   a - Magic Dart                     Conjuration                  1
   b - Blink                          Translocation                2
   c - Call Imp                       Summoning                    2
   d - Repel Missiles                 Charms/Air                   2
   e - Slow                           Hexes                        2
   f - Conjure Flame                  Conjuration/Fire             3
   g - Mephitic Cloud                 Conjuration/Poison/Air       3
Comestibles
 d - 2 bread rations
 h - 3 fruits
 i - a slice of pizza
 k - 6 chunks of flesh


   Skills:
 + Level 1.5 Fighting
 * Level 3.9 Maces & Flails
 - Level 1.7 Dodging
 - Level 1.4 Stealth
 - Level 3.6 Spellcasting
 + Level 1.1 Conjurations
 + Level 0.9 Summonings
 + Level 1.0 Translocations


You had 5 spell levels left.
You knew the following spells:

 Your Spells              Type           Power        Failure   Level  Hunger
a - Magic Dart            Conj           #...         12%         1    None
b - Blink                 Tloc           N/A          21%         2    ##.....
c - Call Imp              Summ           #.......     21%         2    ##.....


Dungeon Overview and Level Annotations

Branches:
Dungeon (3/15)

Altars:


Innate Abilities, Weirdness & Mutations

You are too large for most types of armour.
You have tough skin. (AC +1)


Message History

The bullfrog is severely wounded.
The bullfrog hits you. x2
* * * LOW HITPOINT WARNING * * *
You take 8 damage, and have 8/41 hp.
You closely miss the bullfrog.
The bullfrog is severely wounded.
The bullfrog hits you.
* * * LOW HITPOINT WARNING * * *
The bullfrog hits you.
* * * LOW HITPOINT WARNING * * *
You take 2 damage, and have 6/41 hp.
You barely miss the bullfrog.
The bullfrog is severely wounded.
The bullfrog closely misses you. The bullfrog hits you.
* * * LOW HITPOINT WARNING * * *
You take 4 damage, and have 2/41 hp.
You closely miss the bullfrog.
The bullfrog is severely wounded.
The bullfrog hits you.
You die...

#.# ##...######.
##(###...........
#....>.....######
#..###.....# #..#
##...## ....#
###.# ####.#
#.########## ..#
####.#.........
###
#.@....########
#F##.### #. #.#
#. #.# .. ... ..
... ........
.......#


You could see a bullfrog.

Vanquished Creatures
  3 adders
  2 worms
  A dart slug (D:1)
  7 bats
  5 giant cockroaches
  4 goblins
  6 hobgoblins
  4 jackals (D:3)
  2 quokkas
  3 frilled lizards
  2 kobolds
  4 rats
43 creatures vanquished.

Notes
Turn   | Place    | Note
-------+----------+-------------------------------------------
     0 | D:1      | Haldmier the Ogre Wizard began the quest for the Orb.
     0 | D:1      | Reached XP level 1. HP: 16/16 MP: 5/5
   189 | D:1      | Reached skill level 1 in Maces & Flails
   352 | D:1      | Reached XP level 2. HP: 24/24 MP: 2/6
  1170 | D:1      | Learned a level 2 spell: Blink
  1173 | D:1      | Learned a level 2 spell: Call Imp
  1250 | D:2      | Reached XP level 3. HP: 23/31 MP: 8/8
  1601 | D:2      | Reached skill level 1 in Conjurations
  2239 | D:3      | Noticed a scorpion
  2377 | D:3      | Reached XP level 4. HP: 33/40 MP: 9/9
  2487 | D:3      | Reached skill level 1 in Fighting
  2578 | D:3      | Reached skill level 1 in Translocations
  2642 | D:3      | Noticed a bullfrog
  2661 | D:3      | HP: 2/41 [bullfrog (4)]
  2662 | D:3      | Slain by a bullfrog

Skill      XL: |  1  2  3  4 |
---------------+-------------+-----
Maces & Flails | 2 3 |  3.9
Conjurations   | 1 |  1.1
Fighting       | 1 |  1.5
Translocations | 1 |  1.0
Dodging        | |  1.7
Stealth        | |  1.4
Spellcasting   | |  3.6
Summonings     | |  0.9

Action                   |  1- 3 |  4- 6 || total
-------------------------+-------+-------++-------
Melee: Club              |     4 |       ||     4
       Flail             |    31 |    38 ||    69
 Cast: Magic Dart        |    84 |    16 ||   100
 Stab: Sleeping          |       |     1 ||     1
  Eat: Chunk             |     4 |     1 ||     5
Armor: Robe              |    19 |     8 ||    27
Dodge: Dodged            |    31 |    24 ||    55
